Construct Section Command Post
Selects Heavy Armor Battlegroup
Construct Platoon Command Post
6-pounder Anti-tank Gun Team
Selects Light Vehicle Withdraw and Refit
Selects Rigorous Vehicle Training
Construct Company Command Post
6-pounder Anti-tank Gun Team
Unlock M3 Grant Medium Tanks
Construct Field Infirmary
Selects Forward Repair Assembly
Unlock Towed 17-pounder Anti-tank Guns
17-pounder Anti-tank Gun Team